 Dungeon Sprint DCSS version 0.17-a0-1646-geb1493d (webtiles) character file.

14441 ztt the Peltast (level 12, -3/88 HPs)
             Began as a Gargoyle Fighter on July 17, 2015.
             Was the Champion of Makhleb.
             Killed by divine providence
             ... invoked by a smoke demon
             ... summoned by a greater mummy
              (17 damage)
             ... in the Dungeon (Sprint V: "Ziggurat Sprint") on Aug 11, 2015.
             The game lasted 00:06:17 (929 turns).

ztt the Peltast (Gargoyle Fighter)                   Turns: 929, Time: 00:06:17

Health: -3/88      AC: 40    Str: 40    XL:     12   Next: 16%
Magic:  12/12      EV:  4    Int:  9    God:    Makhleb [******]
Gold:   0          SH: 34    Dex:  9    Spells: 0 memorised, 11 levels left

rFire  . . .     SeeInvis +     u - +14 obsidian axe {chop, +Fly Str+3 SInv *Curse} (curse)
rCold  . . .     Clarity  .     s - +15 Maxwell's patent armour {-Cast -Tele rElec MR+ rCorr}
rNeg   + + .     SustAt   .     t - +18 shield of the gong {rElec rN+ MR+ EV-5}
rPois  ∞         Gourm    .     (no helmet)
rElec  +         Spirit   .     (no cloak)
rCorr  +         Warding  .     (no gloves)
rMut   .         NoTele   +     (no boots)
MR     ++...     NoCast   +     U - amulet of regeneration
Stlth  ..........               B - +6 ring of strength
                                C - +6 ring of strength

@: mesmerised, studying Air Magic, very resistant to hostile enchantments,
extremely unstealthy
A: negative energy resistance 1, electricity resistance, unbreathing,
petrification resistance, rot immunity, AC +8
a: Minor Destruction, Lesser Servant of Makhleb, Major Destruction, Greater
Servant of Makhleb, Renounce Religion, Evoke Flight


You were in the Dungeon.
You worshipped Makhleb.
Makhleb was exalted by your worship.
You were not hungry.

You visited 1 branch

Inventory:

Hand weapons
 a - a +0 war axe
 u - the cursed +14 obsidian axe (weapon) {chop, +Fly Str+3 SInv *Curse}
   (You found it in the Dungeon)

   It inflicts extra damage upon your enemies.
   It affects your strength (+3).
   It lets you see invisible.
   It lets you fly.
   It may re-curse itself when equipped.
   It has a curse placed upon it.
 v - the cursed +9 Sword of Zonguldrok {reap, *Curse}
   (You found it in the Dungeon)

   If a monster killed with it leaves a corpse in good enough shape, the corpse
   will be animated as a zombie friendly to the killer.
   It may re-curse itself when equipped.
   It has a curse placed upon it.
 w - the +14 plutonium sword {*Contam Stlth-}
   (You found it in the Dungeon)

   It causes magical contamination when unequipped.
   It makes you less stealthy.
Armour
 b - a +0 scale mail
 c - a +0 shield
 s - the +15 Maxwell's patent armour (worn) {-Cast -Tele rElec MR+ rCorr}
   (You found it in the Dungeon)

   It insulates you from electricity.
   It affects your resistance to hostile enchantments.
   It prevents spellcasting.
   It prevents most forms of teleportation.
   It protects you from acid and corrosion.
 t - the +18 shield of the gong (worn) {rElec rN+ MR+ EV-5}
   (You found it in the Dungeon)

   It affects your evasion (-5).
   It insulates you from electricity.
   It protects you from negative energy.
   It affects your resistance to hostile enchantments.
Jewellery
 x - a +6 ring of dexterity
 y - a +6 ring of dexterity
 z - a +6 ring of intelligence
 A - a +6 ring of intelligence
 B - a +6 ring of strength (right hand)
 C - a +6 ring of strength (left hand)
 P - the ring of Exexoule {+Fly AC+4 Int+3 SInv}
   (You found it in the Dungeon)

   [ring of protection]

   It affects your AC (+4).
   It affects your intelligence (+3).
   It lets you see invisible.
   It lets you fly.
 Q - an uncursed amulet of resist mutation
 S - the amulet "Poupipn" {Faith rElec}
   (You found it in the Dungeon)

   [amulet of faith]

   It allows you to gain divine favour quickly.
   It insulates you from electricity.
 T - an uncursed ring of protection from magic
 U - an amulet of regeneration (around neck)
Magical devices
 D - a wand of disintegration (7)
 E - a wand of fire (5)
 F - a wand of cold (5)
 G - a wand of draining (5)
Scrolls
 k - 4 scrolls of blinking
 l - 4 scrolls of amnesia
 m - 3 scrolls of recharging
 n - 8 scrolls of fog
 o - a scroll of holy word
 p - 5 scrolls of identify
 q - 5 scrolls of remove curse
 r - 2 scrolls of fear
 R - 3 scrolls of brand weapon
Potions
 d - 6 potions of might
 f - 10 potions of curing
 g - 10 potions of heal wounds
 h - 6 potions of haste
 i - 7 potions of magic
 j - 3 potions of berserk rage
 J - 2 potions of brilliance
 K - 2 potions of invisibility
 L - 4 potions of resistance
 N - 5 potions of agility
Books
 O - a manual of Air Magic
Comestibles
 e - 5 bread rations
 H - 42 fruits
 I - 4 meat rations
 M - 3 royal jellies


   Skills:
 + Level 15.9 Fighting
 + Level 14.5 Axes
 + Level 13.9 Armour
 + Level 2.1 Dodging
 + Level 3.4 Stealth
 + Level 17.2 Shields


You had 11 spell levels left.
You didn't know any spells.

Dungeon Overview and Level Annotations

Branches:
Dungeon (1/1)

Altars:
Ashenzari
Cheibriados
Dithmenos
Elyvilon
Fedhas
Gozag
Kikubaaqudgha
Makhleb
Nemelex Xobeh
Okawaru
Qazlal
Ru
Sif Muna
Trog
Vehumet
Xom
Yredelemnul
Zin
The Shining One
Beogh
Jiyva
Lugonu


Innate Abilities, Weirdness & Mutations

You are resistant to torment.
Your stone body is resilient (AC +8).
You are immune to poison.
You resist negative energy.
You are resistant to electric shocks.
You can survive without breathing.
You are immune to petrification.
You are immune to rotting.


Message History

You block the emperor scorpion's attack.
GONNNNG!
You block the emperor scorpion's attack.
PTOANNNG!
The emperor scorpion stings you!
* * * LOW HITPOINT WARNING * * *
You block the emperor scorpion's attack.
GONNNNG!
The emperor scorpion claws you but does no damage.
Unknown command.
You slash the greater mummy!
The greater mummy is moderately damaged.
You closely miss the emperor scorpion.
The emperor scorpion is lightly wounded.
You hit the emperor scorpion but do no damage.
The emperor scorpion is moderately wounded.
Visions of slaying the emperor scorpion flood into your mind.
The smoke demon gestures at you. Something smites you!
You die...

▓........▓.....
..8©8....▓..)))...▓.....
.)}=))[..▓.▓....▓.▓.▓...
.):|)|[..▓........▓.....
▓...........▓▓▓▓▓▓▓▓▓▓▓▓▓▓▓
▓..........3▓...8©8...▓..8©
.......MZsV▓..|:.:...▓...)
.....MWsMs▓...}3)...▓..3}
▓.....▓@.▓.........▓....
▓▓...▓▓▓.▓.........▓....
▓..▓.....▓..▓....)†...▓.\..
▓...........▓.........▓....
▓▓▓▓▓▓▓▓▓▓▓▓▓.▓.....▓.▓..†.
▓....8©8....▓.........▓....
▓..[}})3)}..▓▓▓▓▓▓▓▓▓▓▓▓▓▓▓
▓...|)33....▓...8©8...▓..8©
▓...........▓..[[[4"..▓..[=


You could see a greater mummy, 3 emperor scorpions, a mummy priest, a flayed
ghost, a smoke demon, a vampire, a mummy and a giant gecko zombie.

Vanquished Creatures
  A shadow dragon (D)
  A greater naga (D)
  A naga warrior (D)
  An anaconda (D)
  A hell hog (D)
  A soul eater (D)
  A death scarab (D)
  A deep elf conjurer (D)
  A shining eye (D)
  A guardian serpent (D)
  A rust devil (D)
  2 black mambas (D)
  2 naga magi (D)
  An efreet (D)
  A red devil (D)
  A two-headed ogre (shapeshifter) (D)
  A guardian mummy (D)
  A polar bear (D)
  A flying skull (D)
  3 shadows (D)
  3 air elementals (D)
  A deep elf mage (D)
  2 fire elementals (D)
  2 golden eyes (D)
  A deep elf fighter (D)
  An insubstantial wisp (D)
  A naga (D)
  2 water moccasins (D)
  An ice beast (D)
  A hell hound (D)
  A necrophage (D)
  An eye of draining (D)
  2 wights (D)
  2 jellies (D)
  2 crimson imps (D)
  2 iron imps (D)
  3 mummies (D)
  2 adders (D)
  3 white imps (D)
  A shadow imp (D)
  A giant eyeball (D)
  An ufetubus (D)
  An ooze (D)
  A spectral adder (D)
  2 adder skeletons (D)
  A bat skeleton (D)
  4 bat zombies (D)
  5 ball pythons (D)
  A ball python skeleton (D)
  2 giant cockroach zombies (D)
  A giant gecko zombie (D)
  A jackal skeleton (D)
  3 quokka zombies (D)
  A spectral giant cockroach (D)
  3 fire vortices (D)
86 creatures vanquished.

Vanquished Creatures (collateral kills)
  A soul eater (D)
  A skeletal warrior (D)
  A shining eye (D)
  A rust devil (D)
  A naga mage (D)
  A fire drake (D)
  An efreet (D)
  An insubstantial wisp (D)
  A quokka zombie (D)
9 creatures vanquished.

Vanquished Creatures (others)
  A shadow imp (D)
1 creature vanquished.

Grand Total: 96 creatures vanquished

Notes
Turn   | Place    | Note
--------------------------------------------------------------
     0 | D        | ztt the Gargoyle Fighter began the quest for the Orb.
     0 | D        | Reached XP level 1. HP: 14/14 MP: 1/1
     1 | D        | Found an iron altar of Okawaru.
     1 | D        | Found a burning altar of Makhleb.
     1 | D        | Found a radiant altar of Vehumet.
     1 | D        | Found a deep blue altar of Sif Muna.
     1 | D        | Found a shimmering altar of Xom.
     2 | D        | Found a corrupted altar of Lugonu.
     2 | D        | Found a roughly hewn altar of Beogh.
     2 | D        | Found a white marble altar of Elyvilon.
     2 | D        | Found a viscous altar of Jiyva.
     2 | D        | Found a sparkling altar of Nemelex Xobeh.
     2 | D        | Found a bloodstained altar of Trog.
    11 | D        | Upgraded the game from 0.17-a0-1534-gf98da79 to 0.17-a0-1646-geb1493d
    60 | D        | Reached skill level 5 in Fighting
    60 | D        | Reached skill level 5 in Armour
    60 | D        | Reached XP level 2. HP: 18/22 MP: 2/2
   121 | D        | Became a worshipper of Makhleb the Destroyer
   153 | D        | Entered arena 1.
   153 | D        | Noticed a fire elemental
   156 | D        | Killed a fire elemental
   156 | D        | Reached skill level 7 in Fighting
   156 | D        | Reached XP level 3. HP: 25/29 MP: 3/3
   156 | D        | Reached XP level 4. HP: 30/35 MP: 4/4
   156 | D        | Reached XP level 5. HP: 33/39 MP: 5/5
   209 | D        | Entered arena 2.
   209 | D        | Noticed a crimson imp
   213 | D        | Killed a crimson imp
   213 | D        | Reached skill level 8 in Fighting
   215 | D        | Acquired Makhleb's first power
   223 | D        | Entered arena 3.
   223 | D        | Noticed an ice beast
   223 | D        | Noticed a polar bear
   228 | D        | Killed an ice beast
   228 | D        | Reached skill level 5 in Axes
   228 | D        | Reached skill level 9 in Armour
   228 | D        | Reached XP level 6. HP: 43/45 MP: 6/6
   229 | D        | Acquired Makhleb's second power
   230 | D        | Killed a polar bear
   230 | D        | Reached XP level 7. HP: 48/51 MP: 7/7
   345 | D        | Entered arena 4.
   345 | D        | Noticed a deep elf conjurer
   345 | D        | Noticed a two-headed ogre
   345 | D        | Noticed a deep elf fighter
   345 | D        | Noticed a deep elf mage
   348 | D        | Killed a two-headed ogre
   348 | D        | Acquired Makhleb's third power
   348 | D        | Reached skill level 10 in Fighting
   348 | D        | Reached skill level 10 in Armour
   349 | D        | Killed a deep elf fighter
   349 | D        | Reached skill level 10 in Shields
   349 | D        | Reached XP level 8. HP: 45/58 MP: 8/8
   350 | D        | Killed a deep elf mage
   350 | D        | Reached skill level 11 in Armour
   354 | D        | Killed a deep elf conjurer
   354 | D        | Acquired Makhleb's fourth power
   370 | D        | Entered arena 5.
   370 | D        | Noticed an insubstantial wisp
   370 | D        | Noticed an air elemental
   370 | D        | Noticed an insubstantial wisp
   370 | D        | Noticed an air elemental
   370 | D        | Noticed an air elemental
   374 | D        | Killed an air elemental
   375 | D        | Killed an air elemental
   375 | D        | Reached XP level 9. HP: 64/64 MP: 9/9
   376 | D        | Killed an air elemental
   376 | D        | Reached skill level 12 in Armour
   377 | D        | Killed an insubstantial wisp
   377 | D        | Killed an insubstantial wisp
   383 | D        | Got the ring of Exexoule {+Fly AC+4 Int+3 SInv}
   388 | D        | Entered arena 6.
   388 | D        | Noticed a hell hound
   388 | D        | Noticed a fire elemental
   388 | D        | Noticed a fire drake
   388 | D        | Noticed an efreet
   389 | D        | Killed a hell hound
   390 | D        | Identified a +3 rod of destruction (6/10)
   394 | D        | Killed an efreet
   395 | D        | Killed a fire elemental
   396 | D        | Killed a fire drake
   396 | D        | Reached skill level 1 in Dodging
   557 | D        | Entered arena 7.
   557 | D        | Noticed an efreet
   557 | D        | Noticed a crimson imp
   557 | D        | Noticed an iron imp
   557 | D        | Noticed an iron imp
   560 | D        | Killed a crimson imp
   563 | D        | Killed an efreet
   563 | D        | Acquired Makhleb's fifth power
   564 | D        | Killed an iron imp
   565 | D        | Killed an iron imp
   569 | D        | Got the amulet "Poupipn" {Faith rElec}
   574 | D        | Entered arena 8.
   574 | D        | Noticed a black mamba
   574 | D        | Noticed a naga mage
   577 | D        | Killed a black mamba
   577 | D        | Reached skill level 10 in Axes
   578 | D        | Reached XP level 10. HP: 72/72 MP: 10/10
   583 | D        | Killed a naga mage
   583 | D        | Reached skill level 13 in Shields
   590 | D        | Entered arena 9.
   590 | D        | Noticed a wight
   590 | D        | Noticed a wight
   590 | D        | Noticed a necrophage
   596 | D        | Killed a necrophage
   596 | D        | Killed a wight
   599 | D        | Killed a wight
   606 | D        | Got the amulet of Etoll {Inacc +Inv rPois}
   610 | D        | Entered arena 10.
   610 | D        | Noticed a jelly
   610 | D        | Noticed a golden eye
   610 | D        | Noticed a golden eye
   610 | D        | Noticed a shining eye
   610 | D        | Noticed a jelly
   610 | D        | Noticed an eye of draining
   610 | D        | Noticed a shining eye
   610 | D        | Paralysed by a giant eyeball for 4 turns
   614 | D        | Killed a golden eye
   615 | D        | Killed a jelly
   616 | D        | Killed a golden eye
   617 | D        | Killed a jelly
   617 | D        | Paralysed by a giant eyeball for 3 turns
   620 | D        | Killed a shining eye
   621 | D        | Killed an eye of draining
   622 | D        | Killed a shining eye
   697 | D        | Entered arena 11.
   697 | D        | Noticed a shadow dragon
   697 | D        | Noticed a soul eater
   698 | D        | Noticed a soul eater
   711 | D        | Killed a shadow dragon
   711 | D        | Reached skill level 14 in Fighting
   711 | D        | Reached skill level 1 in Stealth
   712 | D        | Killed a soul eater
   712 | D        | Reached XP level 11. HP: 74/80 MP: 11/11
   713 | D        | Killed a soul eater
   731 | D        | Entered arena 12.
   731 | D        | Noticed a shadow
   731 | D        | Noticed a red devil
   731 | D        | Noticed a rust devil
   731 | D        | Noticed a shadow
   732 | D        | Noticed a shadow
   732 | D        | Noticed a rust devil
   732 | D        | Noticed a hell hog
   732 | D        | Noticed a skeletal warrior
   738 | D        | Killed a shadow
   738 | D        | Killed a shadow
   738 | D        | Killed a shadow
   738 | D        | Reached skill level 15 in Shields
   739 | D        | Killed a hell hog
   743 | D        | Killed a rust devil
   744 | D        | Killed a skeletal warrior
   744 | D        | Reached skill level 15 in Fighting
   745 | D        | Killed a rust devil
   747 | D        | Killed a red devil
   805 | D        | Entered arena 13.
   811 | D        | Noticed a naga mage
   811 | D        | Noticed an anaconda
   811 | D        | Noticed a water moccasin
   811 | D        | Noticed a guardian serpent
   812 | D        | Noticed a naga mage
   812 | D        | Noticed a naga
   815 | D        | Killed a guardian serpent
   817 | D        | Noticed a water moccasin
   820 | D        | Killed a water moccasin
   821 | D        | Killed an anaconda
   821 | D        | Reached skill level 16 in Shields
   822 | D        | Noticed a greater naga
   822 | D        | Noticed a naga warrior
   823 | D        | Noticed a black mamba
   825 | D        | Killed a black mamba
   826 | D        | Killed a water moccasin
   837 | D        | Killed a naga warrior
   838 | D        | Killed a greater naga
   839 | D        | Killed a naga mage
   839 | D        | Reached XP level 12. HP: 88/88 MP: 12/12
   840 | D        | Killed a naga mage
   842 | D        | Killed a naga
   902 | D        | Got the ring of Appah {+Blink MP+9 Stlth-}
   905 | D        | Entered arena 14.
   911 | D        | Noticed a greater mummy
   911 | D        | Noticed a flying skull
   911 | D        | Noticed a guardian mummy
   911 | D        | Noticed a death scarab
   913 | D        | Noticed an emperor scorpion
   913 | D        | Noticed an emperor scorpion
   915 | D        | Noticed a mummy priest
   917 | D        | Killed a flying skull
   917 | D        | Reached skill level 17 in Shields
   917 | D        | Killed a death scarab
   921 | D        | Killed a guardian mummy
   922 | D        | Noticed an emperor scorpion
   922 | D        | Noticed an emperor scorpion
   929 | D        | Killed from afar by a smoke demon

Vault maps used:
D:        sprint_v

Action                   |  1- 3 |  4- 6 |  7- 9 | 10-12 || total
-------------------------+-------+-------+-------+-------++-------
Melee: Broad axe         |     3 |    10 |    29 |    86 ||   128
  Use: Potion            |     1 |       |       |       ||     1
 Stab: Distracted        |       |       |       |     1 ||     1
